 Dungeon Crawl Stone Soup version 0.25.1-4-g9407a263a5 (webtiles) character file.

Game seed: 5632194422814568454

766 Clowwww the Chopper (level 7, -2/52 HPs)
             Began as a Demonspawn Gladiator on Nov 27, 2020.
             Slain by a gnoll
             ... wielding a +0 spear
              (4 damage)
             ... on level 3 of the Dungeon.
             The game lasted 00:19:47 (4172 turns).

Clowwww the Chopper (Demonspawn Gladiator)          Turns: 4172, Time: 00:19:47

Health: -2/52      AC:  8    Str: 13    XL:     7   Next: 52%
Magic:  7/7        EV: 14    Int: 10    God:
Gold:   149        SH:  0    Dex: 15    Spells: 6/6 levels left

rFire    + . .     SeeInvis .   a - +0 war axe
rCold    + . .     Gourm    .   (no shield)
rNeg     . . .     Faith    .   l - +1 leather armour {rC+}
rPois    .         Spirit   .   r - +1 hat
rElec    .         Reflect  .   (no cloak)
rCorr    .         Harm     .   (no gloves)
MR       .....                  (no boots)
Stlth    +.........             (no amulet)
HPRegen  0.17/turn              (no ring)
MPRegen  0.10/turn              (no ring)

@: no status effects
A: hooves 1, molten scales 2, blurry vision 1, fire resistance 1, weak 1
a: no special abilities


You were on level 3 of the Dungeon.
You were hungry.

You visited 1 branch of the dungeon, and saw 3 of its levels.

You collected 149 gold pieces.

Inventory:

Hand Weapons
 a - a +0 war axe (weapon)
Missiles
 d - 4 throwing nets
 i - 26 poisoned darts
 k - 3 javelins (quivered)
Armour
 c - a +0 helmet
 l - a +1 leather armour of cold resistance (worn)
 r - a +1 hat (worn)
Wands
 t - a wand of iceblast (21)
 v - a wand of random effects (19)
Scrolls
 e - 6 scrolls of identify {unknown}
 g - 3 scrolls of teleportation {unknown}
 h - 2 scrolls of noise {unknown}
 m - 2 scrolls of enchant armour {unknown}
 p - a scroll of fear {unknown}
 s - a scroll of fog {unknown}
 u - 2 scrolls of immolation {unknown}
Potions
 b - a potion of ambrosia
 j - a potion of cancellation
Comestibles
 f - 2 rations


   Skills:
 + Level 3.3 Fighting
 + Level 6.0 Axes
 + Level 2.8 Throwing
 + Level 2.6 Armour
 + Level 4.0 Dodging
 + Level 0.4 Stealth


You had 6 spell levels left.
You didn't know any spells.
Your spell library was empty.

Dungeon Overview and Level Annotations

Branches:
Dungeon (3/15)

Altars:
Hepliaklqana


Innate Abilities, Weirdness & Mutations

You are mostly covered in molten scales. (AC +3)
Your flesh is heat resistant. (rF+)
You have large cloven feet.
Scrolls take you a little longer to read.
You are weak. (Str -2)


Message History

The jackal bites you but does no damage.
The gnoll hits you from afar with a +0 spear!
* * * LOW HITPOINT WARNING * * *
You closely miss the jackal.
The jackal is severely wounded.
The jackal closely misses you. The gnoll hits you but does no damage.
The jackal barely misses you.
You slash the jackal!
You kill the jackal!
The gnoll hits you from afar with a +0 spear.
* * * LOW HITPOINT WARNING * * *
The gnoll throws a throwing net.
The throwing net barely misses you. The gnoll hits you with a +0 spear.
* * * LOW HITPOINT WARNING * * *
The gnoll hits you with a +0 club.
* * * LOW HITPOINT WARNING * * *
Things that are here:
a jackal corpse x3
The gnoll hits you from afar with a +0 spear.
You die...

≈≈≈≈≈≈....≈≈≈≈≈≈≈
≈≈≈≈≈≈....≈≈≈≈≈≈≈
.................
######''''#######
#....# #....#
#....# .#
#....#########''##.
#...)#(.@†g........
+....).)8#g........
+....'..8#..##''##.
#8..8#......# ..#
############# .g.
#'


You could see 2 gnolls.

Vanquished Creatures
  Sigmund (D:2)
  2 ogres
  A quasit (D:3)
  Jessica (D:2)
  3 gnoll shamans (D:3)
  Natasha (thrice) (D:2)
  9 gnolls (D:3)
  3 adders
  5 oozes
  2 worms
  4 dart slugs
  2 leopard geckos
  7 orcs (D:3)
  11 bats
  A giant cockroach (D:3)
  10 goblins
  4 hobgoblins
  13 jackals
  A quokka (D:2)
  2 frilled lizards
  9 kobolds
  8 rats
102 creatures vanquished.

Notes
Turn   | Place    | Note
-------+----------+-------------------------------------------
     0 | D:1      | Clowwww the Demonspawn Gladiator began the quest for the
                  | Orb.
     0 | D:1      | Reached XP level 1. HP: 16/16 MP: 1/1
    72 | D:1      | Gained mutation: You are partially covered in molten
                  | scales. (AC +2) [demonic ancestry]
    72 | D:1      | Reached XP level 2. HP: 17/22 MP: 2/2
   680 | D:1      | Reached skill level 3 in Axes
  1161 | D:1      | Reached XP level 3. HP: 16/27 MP: 3/3
  1306 | D:2      | Noticed Natasha
  1312 | D:2      | Killed Natasha
  1312 | D:2      | Reached skill level 1 in Armour
  1390 | D:2      | Reached XP level 4. HP: 28/34 MP: 4/4
  1530 | D:2      | Found a hazy altar of Hepliaklqana.
  1549 | D:2      | Noticed Natasha
  1556 | D:2      | Killed Natasha
  1556 | D:2      | Reached skill level 4 in Axes
  2071 | D:2      | Gained mutation: You are mostly covered in molten scales.
                  | (AC +3) [demonic ancestry]
  2071 | D:2      | Reached XP level 5. HP: 37/39 MP: 5/5
  2316 | D:2      | Noticed Sigmund
  2340 | D:2      | Killed Sigmund
  2340 | D:2      | Reached XP level 6. HP: 27/46 MP: 6/6
  2437 | D:2      | Noticed Natasha
  2444 | D:2      | Killed Natasha
  2681 | D:2      | Noticed Jessica
  2727 | D:3      | Reached skill level 5 in Axes
  2825 | D:3      | Gained mutation: Your flesh is heat resistant. (rF+)
                  | [demonic ancestry]
  2825 | D:3      | Reached XP level 7. HP: 52/52 MP: 7/7
  2941 | D:2      | Killed Jessica
  4056 | D:3      | HP: 2/52 [gnoll/+0 flail (7)]
  4075 | D:3      | HP: 2/52 [gnoll (8)]
  4080 | D:3      | Gained mutation: Scrolls take you a little longer to read.
                  | [potion of mutation]
  4080 | D:3      | Gained mutation: You are weak. (Str -2) [potion of
                  | mutation]
  4080 | D:3      | Gained mutation: You have large cloven feet. [potion of
                  | mutation]
  4098 | D:3      | Reached skill level 6 in Axes
  4171 | D:3      | HP: 1/52 [gnoll/+0 club (6)]
  4172 | D:3      | Slain by a gnoll

Illustrated notes

Levels and vault maps discovered:
D:1:      dpeg_arrival_morbid_curiosity, layout_basic, hex_intersection
D:2:      layout_loops_ring, nicolae_overflow_hidden_temple, uniq_jessica,
          uniq_sigmund, uniq_natasha
D:3:      lemuel_castle_with_subvaults [lemuel_castle_interior_carwin_2],
          layout_basic, kennysheep_generic_room_7

Skill      XL: |  1  2  3  4  5  6  7 |
---------------+----------------------+-----
Dodging        | 3 4 |  4.0
Axes           | 3 4 5 6 |  6.0
Armour         | 1 2 |  2.6
Throwing       | 2 |  2.8
Fighting       | 3 |  3.3
Stealth        | |  0.4

Action                   |  1- 3 |  4- 6 |  7- 9 || total
-------------------------+-------+-------+-------++-------
Melee: War axe           |    96 |    83 |   149 ||   328
       Kick              |       |       |     8 ||     8
Throw: Dart              |       |    10 |       ||    10
       Javelin           |       |     7 |     2 ||     9
       Throwing net      |       |     3 |       ||     3
  Use: Potion            |       |       |     7 ||     7
  Eat: Chunk             |     1 |     5 |     4 ||    10
Armor: Leather armour    |    52 |    43 |    49 ||   144
Dodge: Dodged            |   110 |    89 |   137 ||   336
